Map: [ESL] Moondance

Players

Zoun - Winner!

  • Race: Protoss Protoss
  • Spawn Location: 6:00

SpeCial

  • Race: Terran Terran
  • Spawn Location: 12:00

Event: TSL 9

VOD

Have the link to the VOD?

Description

Time

  • Played on: Aug. 7, 2022, 12:34 p.m.
  • Length: 7:33

All games in this series

Show
View Real Time Build Order
Export as new Build Order

Zoun Protoss - Winner!

Build Orders: 1 Gate Expand, Phoenix Opening 

Get SALT Encoding   

  12  0:00  Probe  
  13  0:12  Probe  
  14  0:17  Pylon  
  14  0:24  Probe (Chrono Boost)  
  15  0:36  Probe (Chrono Boost)  
  15  0:38  Gateway  
  16  0:44  Probe (Chrono Boost)  
  17  0:50  Assimilator  
  17  0:51  Probe  
  18  1:03  Probe  
  19  1:15  Probe  
  20  1:27  Cybernetics Core  
  20  1:37  Nexus  
  20  1:38  Probe  
  21  1:46  Pylon  
  21  1:50  Probe  
  22  1:55  Assimilator  
  22  2:01  Adept (Chrono Boost)  
  22  2:02  Probe  
  25  2:15  Probe  
  26  2:24  Stargate  
  26  2:27  Probe  
  27  2:34  Adept  
  29  2:39  Warp Gate, Probe (Chrono Boost)  
  29  2:46  Shield Battery  
  29  2:49  Probe (Chrono Boost)  
  31  2:57  Probe (Chrono Boost)  
  32  2:58  Probe (Chrono Boost)  
  32  3:03  Probe x2 (Chrono Boost)  
  33  3:06  Adept  
  35  3:13  Phoenix (Chrono Boost)  
  35  3:15  Probe  
  35  3:17  Probe  
  39  3:27  Probe  
  39  3:29  Probe  
  39  3:33  Pylon  
  41  3:37  Phoenix (Chrono Boost)  
  41  3:39  Probe  
  44  3:41  Probe  
  45  3:51  Probe  
  46  4:00  Gateway  
  46  4:01  Gateway  
  46  4:04  Twilight Council  
  46  4:07  Phoenix (Chrono Boost)  
  48  4:11  Probe  
  48  4:12  Probe  
  50  4:25  Phoenix (Chrono Boost)  
  52  4:32  Charge (Chrono Boost), Pylon  
  52  4:33  Nexus  
  52  4:45  Gateway  
  52  4:46  Probe  
  52  4:48  Probe  
  54  4:53  Sentry, Pylon  
  54  4:57  Gateway  
  54  4:59  Probe  
  57  5:04  Gateway  
  57  5:09  Probe, Assimilator  
  57  5:11  Probe, Assimilator  
  59  5:17  Phoenix  
  61  5:21  Probe  
  61  5:22  Zealot x2  
  66  5:28  Zealot  
  66  5:33  Robotics Facility  
  68  5:36  Shield Battery  
  68  5:39  Zealot  
  68  5:41  Pylon  
  70  5:47  Zealot x2  
  74  5:50  Zealot  
  74  5:54  Zealot  
  78  5:59  Zealot  
  78  6:00  Zealot  
  82  6:11  Zealot x2  
  74  6:19  Probe  
  74  6:20  Phoenix  
  74  6:23  Zealot x3  
  81  6:26  Probe x2  
  81  6:32  Observer  
  84  6:35  Robotics Bay  
  84  6:38  Forge  
  76  6:47  Phoenix  
  74  6:57  Probe x2  
  74  6:58  Probe  
  75  7:09  Sentry, Probe  
  75  7:10  Observer  
  75  7:11  Probe  
  75  7:12  Probe  
Show
View Real Time Build Order
Export as new Build Order

SpeCial Terran 

Build Orders:  

Get SALT Encoding   

  12  0:00  SCV  
  13  0:12  SCV  
  14  0:17  Supply Depot  
  14  0:24  SCV  
  15  0:39  SCV  
  15  0:40  Barracks  
  16  0:45  Refinery  
  16  0:51  SCV  
  16  0:54  Refinery  
  17  1:03  SCV  
  18  1:15  SCV  
  19  1:27  Reaper, Orbital Command  
  20  1:43  Supply Depot  
  20  1:46  Factory  
  20  1:53  SCV  
  21  1:59  Reaper  
  22  2:05  SCV  
  23  2:17  SCV  
  24  2:27  Command Center  
  24  2:29  SCV  
  25  2:30  Hellion  
  25  2:35  Barracks Reactor  
  27  2:41  SCV  
  28  2:51  Barracks  
  28  2:52  Factory Tech Lab  
  28  2:54  SCV  
  28  2:57  Supply Depot  
  29  3:06  SCV  
  30  3:13  Barracks  
  30  3:17  Marine  
  30  3:19  Cyclone, Marine  
  35  3:20  SCV  
  36  3:33  SCV  
  37  3:38  Barracks Tech Lab  
  37  3:40  Orbital Command  
  37  3:43  Marine x2  
  37  3:45  SCV  
  39  3:54  Widow Mine  
  41  3:56  Marine  
  41  3:57  SCV, Stimpack  
  42  4:03  Barracks Tech Lab, Marine x2  
  42  4:09  SCV  
  43  4:12  SCV  
  43  4:14  Supply Depot  
  43  4:17  Siege Tank  
  47  4:22  Marine x3  
  47  4:24  Marine  
  50  4:30  SCV  
  50  4:31  SCV  
  53  4:36  Combat Shield  
  53  4:39  Marine  
  53  4:41  Supply Depot  
  53  4:43  SCV x2, Marine x3  
  59  4:49  Siege Tank  
  62  4:56  Supply Depot  
  62  5:02  SCV, Marine x4  
  62  5:03  SCV  
  67  5:19  SCV x2  
  67  5:20  Marine x4  
  69  5:23  Siege Tank  
  72  5:38  SCV x2, Marine x4  
  72  5:41  Supply Depot, Engineering Bay  
  78  5:48  Supply Depot  
  78  5:54  Bunker  
  78  6:00  Bunker  
  78  6:02  Marine x3  
  78  6:03  Supply Depot  
  74  6:13  Marine  
  74  6:14  SCV  
  59  6:20  Marine x3  
  59  6:21  Bunker  
  55  6:25  Widow Mine  
  55  6:27  Missile Turret x2  
  55  6:28  SCV  
  55  6:29  SCV  
  55  6:31  Marine  
  54  6:36  Starport  
  54  6:37  Marine x3  
  57  6:41  SCV  
  50  6:49  Marine  
  50  6:50  SCV  
  45  6:55  Marine x3  
  47  7:02  SCV  
  47  7:06  Marine  
  46  7:09  SCV  
  46  7:13  Marine x3  
  46  7:14  SCV  
  48  7:21  SCV  
Tags
 
Add a new tag
Caveats
  • Supply blocks, unpowered buildings, or Contaminate may cause inaccurate times.
  • Supply counts are checked every 10 seconds.